AoeStats
← RoR | Vodka_L_2

Arabia

510079460Analyzed
1v1 RM · 2d ago on Sep 29, 2026· 45m 50s· 2 players
Game mode
Random Map
Map size
Tiny (2 player)
Population
200
Speed
Normal
Resources
Standard
Victory
Conquest
Starting age
Dark Age
Ending age
Imperial Age
RankedLock teamsTeams togetherTeam positionsShared explorationLock speedFull tech treeHidden civsTurbo modeCheats
Victory
Defeat
🇮🇹 Danes · Italy
2596
+15
🇨🇳 Tatars · China
2569
-15
_LY_lyx
6:22 Loom
8:45 Feudal Age
9:33 Double-Bit Axe
16:18 Fletching
21:41 Castle Age
19:52 Horse Collar
20:24 Gold Mining
22:19 Bodkin Arrow
21:44 Crossbowman
23:02 Bow Saw
26:52 Wheelbarrow
27:41 Padded Archer Armor
28:39 Stone Mining
31:29 Hand Cart
34:45 Scale Barding Armor
34:53 Bloodlines
34:36 Town Watch
36:37 Forging
36:30 Husbandry
36:38 Light Cavalry
38:16 Chain Barding Armor
42:19 Imperial Age
41:45 Silk Armor
42:01 Leather Archer Armor
44:12 Chemistry
43:20 Bracer
44:47 Gold Shaft Mining
45:09 Ballistics
46:32 Plate Barding Armor
RoR | Vodka_L_2
7:54 Loom
10:21 Feudal Age
10:51 Man-at-Arms
11:57 Double-Bit Axe
11:53 Horse Collar
16:16 Fletching
17:19 Fletching
18:54 Padded Archer Armor
22:10 Castle Age
20:34 Gold Mining
21:36 Scale Mail Armor
22:49 Bodkin Arrow
22:44 Elite Skirmisher
24:49 Ballistics
28:11 Arson
28:27 Squires
33:48 Wheelbarrow
33:26 Bow Saw
35:08 Stone Mining
36:32 Town Watch
40:34 Imperial Age
39:56 Chain Mail Armor
39:52 Forging
40:40 Hand Cart
41:38 Conscription
42:01 Plate Mail Armor
43:37 Bracer
43:37 Elite Varangian Guard
45:05 Masonry
45:34 Leather Archer Armor
46:20 Chemistry
45:56 Heavy Plow
Connection lost

Rejoining the realm…

Still unreachable

The connection could not be restored.

Session expired

The server has moved on; the page needs a fresh start.